 Dungeon Crawl Stone Soup version 0.23.2-1-ga50397a6bc (webtiles) character file.

Game seed: 14230231469960348644

227 Kobolds4U the Slasher (level 5, -1/41 HPs)
             Began as a Minotaur Fighter on May 2, 2019.
             Slain by an orc wizard
             ... wielding a +0 dagger
              (2 damage)
             ... on level 4 of the Dungeon.
             The game lasted 00:04:32 (2530 turns).

Kobolds4U the Slasher (Minotaur Fighter)            Turns: 2530, Time: 00:04:32

Health: -1/41      AC: 10    Str: 21    XL:     5   Next: 70%
Magic:  4/4        EV:  5    Int: 12    God:
Gold:   96         SH:  9    Dex: 12    Spells: 4/4 levels left

rFire    . . .     SeeInvis .   a - +0 long sword
rCold    . . .     Gourm    .   c - +0 shield
rNeg     . . .     Faith    .   u - +0 chain mail
rPois    .         Spirit   .   (helmet restricted)
rElec    .         Reflect  .   i - +0 cloak
rCorr    .         Harm     .   (no gloves)
MR       .....                  (no boots)
Stlth    ..........             (no amulet)
HPRegen  0.13/turn              m - +2 ring of dexterity
MPRegen  0.09/turn              t - +2 ring of intelligence

@: brilliant
A: retaliatory headbutt, horns 2, talons 1, frail 1
a: no special abilities


You were on level 4 of the Dungeon.
You were not hungry.

You visited 1 branch of the dungeon, and saw 4 of its levels.

You collected 159 gold pieces.
You spent 63 gold pieces at shops.

Inventory:

Hand Weapons
 a - a +0 long sword (weapon)
Armour
 c - a +0 shield (worn)
 i - a +0 cloak (worn)
 u - a +0 chain mail (worn)
Jewellery
 m - a +2 ring of dexterity (left hand)
 t - a +2 ring of intelligence (right hand)
Wands
 n - a wand of paralysis (6)
 v - a wand of iceblast (5)
 w - a wand of digging (6)
Scrolls
 h - 9 scrolls of remove curse {unknown}
 j - a scroll of fear {unknown}
 k - a scroll of teleportation {unknown}
 l - 2 scrolls of blinking {unknown}
 o - a scroll of identify {unknown}
 p - 3 scrolls of immolation {unknown}
Potions
 d - a potion of might
 e - a potion of magic
 q - a potion of curing {unknown}
 r - a potion of heal wounds {unknown}
Comestibles
 f - 6 rations


   Skills:
 + Level 4.0 Fighting
 + Level 7.1 Long Blades
 - Level 3.6 Armour
 - Level 3.6 Shields


You had 4 spell levels left.
You didn't know any spells.
Your spell library was empty.

Dungeon Overview and Level Annotations

Branches:
Dungeon (4/15)
 Temple: D:4-7

Altars:
Yredelemnul
The Shining One

Shops:
D:4 [


Innate Abilities, Weirdness & Mutations

You reflexively headbutt those who attack you in melee.
You have a pair of horns on your head.
You have sharp toenails.
You are frail. (-10% HP)


Message History

You hit the ogre but do no damage. You headbutt the ogre.
The ogre is heavily wounded.
The ogre hits you with a +0 giant club!!
The orc wizard mumbles some strange words.
The orc wizard flickers and vanishes!
Deactivating autopickup; reactivate with Ctrl-A.
The orc hits you with a +0 whip.
* * * LOW HITPOINT WARNING * * *
It was a potion of magic.
Magic courses through your body. Something hits you but does no damage.
The ogre hits you with a +0 giant club!
* * * LOW HITPOINT WARNING * * *
The orc hits you but does no damage.
It was a potion of brilliance.
You feel clever all of a sudden. Something hits you but does no damage.
The orc hits you but does no damage. You block the ogre's attack.
It was a potion of mutation.
You feel extremely strange.
You feel frail.
Your toenails lengthen and sharpen.
Something hits you.
You die...

!.#...................
.###......∩#..##......
#...........#......
#####.........###.....
#........##.....[...#
..............÷....##
.........#)...........
......{o##............
....#..@.#..........#.
....#..O..#........##
......#...##.###...#
......##.......##..#
...##.#?##..%...####
### #... .....## ###.
#.#### ## ##


You could see an ogre and an orc.

Vanquished Creatures
  Crazy Yiuf (D:2)
  An orc wizard (D:4)
  Ijyb (D:4)
  A worker ant (D:3)
  A gnoll (D:1)
  4 adders
  2 oozes
  A dart slug (D:1)
  2 leopard geckos
  6 orcs
  4 bats
  6 goblins
  9 hobgoblins
  3 jackals (D:3)
  7 kobolds
  A quokka (D:3)
  A frilled lizard (D:3)
  A jackal skeleton (D:4)
  5 rats
57 creatures vanquished.

Notes
Turn   | Place    | Note
-------+----------+-------------------------------------------
     0 | D:1      | Kobolds4U the Minotaur Fighter began the quest for the Orb.
     0 | D:1      | Reached XP level 1. HP: 19/19 MP: 0/0
     6 | D:1      | Reached skill level 3 in Long Blades
     6 | D:1      | Reached XP level 2. HP: 26/26 MP: 1/1
    86 | D:1      | Reached skill level 4 in Long Blades
   365 | D:1      | Reached XP level 3. HP: 31/31 MP: 2/2
  1147 | D:2      | Reached skill level 5 in Long Blades
  1331 | D:2      | Found a runed translucent door.
  1332 | D:2      | Noticed Crazy Yiuf
  1405 | D:2      | Found a glowing golden altar of the Shining One.
  1407 | D:2      | Noticed an angel
  1419 | D:2      | Found a basalt altar of Yredelemnul.
  1476 | D:2      | Killed Crazy Yiuf
  1476 | D:2      | Reached XP level 4. HP: 21/39 MP: 3/3
  1841 | D:3      | Reached skill level 6 in Long Blades
  1953 | D:3      | Reached XP level 5. HP: 42/45 MP: 4/4
  2120 | D:4      | Found Mixkycwa's Armour Emporium.
  2145 | D:4      | Bought a +0 chain mail for 63 gold pieces
  2169 | D:4      | Noticed Ijyb
  2179 | D:4      | Killed Ijyb
  2221 | D:4      | Noticed an ogre
  2227 | D:4      | Reached skill level 7 in Long Blades
  2528 | D:4      | HP: 1/46 [ogre/+0 giant club (11)]
  2530 | D:4      | Gained mutation: You are frail. (-10% HP) [potion of
                  | mutation]
  2530 | D:4      | Gained mutation: You have sharp toenails. [potion of
                  | mutation]
  2530 | D:4      | Slain by an orc wizard

Skill      XL: |  1  2  3  4  5 |
---------------+----------------+-----
Long Blades    | 3 4 5 6 7 |  7.1
Fighting       | 4 |  4.0
Armour         | |  3.6
Shields        | |  3.6

Action                   |  1- 3 |  4- 6 || total
-------------------------+-------+-------++-------
Melee: Long sword        |    85 |    61 ||   146
       Headbutt          |    10 |    10 ||    20
  Use: Potion            |       |     3 ||     3
  Eat: Chunk             |     2 |     3 ||     5
Armor: Scale mail        |    41 |     9 ||    50
       Chain mail        |       |    16 ||    16
Dodge: Dodged            |    27 |    17 ||    44
Block: Shield            |    34 |    33 ||    67
       Rpst.: Long sword |    10 |     7 ||    17
